 Dungeon Crawl Stone Soup version 0.18.1-2-ga659475 (webtiles) character file.

128 Hipnos the Vexing (level 4, -1/21 HPs)
             Began as a Spriggan Enchanter on May 8, 2016.
             Slain by dadoka's ghost (12 damage)
             ... on level 4 of the Dungeon.
             The game lasted 00:10:55 (2979 turns).

Hipnos the Vexing (Spriggan Enchanter)              Turns: 2979, Time: 00:10:56

Health: -1/21      AC:  5    Str:  4    XL:     4   Next: 86%
Magic:  8/9        EV: 19    Int: 17    God:
Gold:   54         SH:  0    Dex: 16    Spells: 3 memorised, 3 levels left

rFire  . . .     SeeInvis +     a - +1 dagger
rCold  . . .     Gourm    .     b - +1 robe
rNeg   . . .     Faith    .     (shield restricted)
rPois  .         Spirit   .     (helmet restricted)
rElec  .         Dismiss  .     n - +1 cloak
rCorr  .         Reflect  .     (gloves unavailable)
SustAt .         Harm     .     (boots unavailable)
MR     .....                    (no amulet)
Stlth  +++.......               (no ring)
                                (no ring)

@: very quick, not resistant to hostile enchantments, fairly stealthy
A: unfitting armour, see invisible, herbivore 3, speed 3, slow metabolism 2
a: no special abilities


You were on level 4 of the Dungeon.
You were full.

You visited 1 branch of the dungeon, and saw 4 of its levels.

You collected 54 gold pieces.

Inventory:

Hand Weapons
 a - a +1 dagger (weapon)
 m - a +0 vampiric dagger
Armour
 b - a +1 robe (worn)
 i - a +0 cloak
 n - a +1 cloak (worn)
Jewellery
 k - an uncursed ring of poison resistance
Wands
 p - a wand of flame (25/48)
Scrolls
 e - a scroll of recharging
 f - a scroll of amnesia
 g - 2 scrolls of remove curse
 j - 4 scrolls of teleportation
Potions
 h - 3 potions of curing
 l - a potion of haste
 o - 2 potions of degeneration {unknown}
Books
 c - a book of Maledictions

   Spells                             Type                      Level
   a - Corona                         Hexes                        1
   b - Ensorcelled Hibernation        Hexes/Ice                    2
   c - Confuse                        Hexes                        3
   d - Tukima's Dance                 Hexes                        3
   e - Dazzling Spray                 Conjuration/Hexes            3
Comestibles
 d - 4 bread rations


   Skills:
 - Level 1.1 Short Blades
 + Level 4.4 Dodging
 - Level 4.7 Stealth
 + Level 3.1 Spellcasting
 * Level 5.8 Hexes


You had 3 spell levels left.
You knew the following spells:

 Your Spells              Type           Power        Failure   Level  Hunger
a - Corona                Hex            ###....      1%          1    None
b - Ensorcelled Hibernat  Hex/Ice        ##....       10%         2    ##.....
c - Confuse               Hex            ###.....     6%          3    ###....


Dungeon Overview and Level Annotations

Branches:
Dungeon (4/15)
 Temple: D:4-7

Altars:
Dithmenos
Kikubaaqudgha
Nemelex Xobeh
Sif Muna
Yredelemnul

Annotations:
D:4 dadoka's ghost, amateur DsFi


Innate Abilities, Weirdness & Mutations

You are tiny and cannot use many weapons and most armour.
You have supernaturally acute eyesight.
You are a herbivore.
You cover ground extremely quickly.
You need consume almost no food.


Message History

Ouch! That really hurt!
You hit dadoka's ghost.
Dadoka's ghost is heavily damaged.
You hit dadoka's ghost but do no damage.
Dadoka's ghost is heavily damaged.
Dadoka's ghost barely misses you.
You hit dadoka's ghost but do no damage.
Dadoka's ghost is heavily damaged.
You hit dadoka's ghost but do no damage.
Dadoka's ghost is heavily damaged.
You hit dadoka's ghost but do no damage.
Dadoka's ghost is heavily damaged.
You hit dadoka's ghost but do no damage.
Dadoka's ghost is heavily damaged.
You catch the helpless dadoka's ghost completely off-guard!
You hit dadoka's ghost.
Dadoka's ghost is heavily damaged.
Dadoka's ghost seems less confused.
Dadoka's ghost hits you!
Ouch! That really hurt!
You die...

.#### ....?. .....
...# #######...#
#.........#
#.........# +.
#.........# #..
+.....@...#
#..##..##W.###
.##..##..##..##
..........'....
..........#.[...
..........#.....
..........#......
###..###.###.###.#
#####..###.##


You could see dadoka's ghost.

Vanquished Creatures
  Robin (D:2)
  5 adders
  A worm (D:2)
  2 dart slugs
  A giant gecko (D:2)
  2 orcs (D:3)
  A giant cockroach (D:2)
  14 goblins
  12 hobgoblins
  A jackal (D:2)
  4 kobolds
  A quokka (D:2)
  A ball python (D:1)
  6 bats
  2 giant newts
  6 rats
60 creatures vanquished.

Notes
Turn   | Place    | Note
--------------------------------------------------------------
     0 | D:1      | Hipnos the Spriggan Enchanter began the quest for the Orb.
     0 | D:1      | Reached XP level 1. HP: 9/9 MP: 5/5
   336 | D:1      | Reached XP level 2. HP: 13/13 MP: 7/7
   377 | D:1      | Reached skill level 4 in Hexes
   550 | D:1      | Learned a level 2 spell: Ensorcelled Hibernation
   715 | D:2      | Found a basalt altar of Yredelemnul.
   715 | D:2      | Found a sparkling altar of Nemelex Xobeh.
   715 | D:2      | Found an ancient bone altar of Kikubaaqudgha.
   715 | D:2      | Found a shadowy altar of Dithmenos.
   716 | D:2      | Found a deep blue altar of Sif Muna.
   866 | D:2      | Reached XP level 3. HP: 10/16 MP: 8/8
   952 | D:2      | Found a faded altar to an unknown god.
  1092 | D:2      | Learned a level 3 spell: Confuse
  1807 | D:2      | Noticed Robin
  2141 | D:2      | Killed Robin
  2141 | D:2      | Reached XP level 4. HP: 20/21 MP: 6/9
  2144 | D:2      | Reached skill level 5 in Hexes
  2952 | D:4      | Noticed dadoka's ghost (amateur DsFi)
  2979 | D:4      | Slain by dadoka's ghost

Skill      XL: |  1  2  3  4 |
---------------+-------------+-----
Spellcasting   | 3 |  3.1
Hexes          | 4 5 |  5.8
Dodging        | 4 |  4.4
Short Blades   | |  1.1
Stealth        | |  4.7

Action                   |  1- 3 |  4- 6 || total
-------------------------+-------+-------++-------
Melee: Dagger            |   163 |   103 ||   266
 Cast: Ensorcelled Hiber |    13 |     7 ||    20
       Confuse           |    11 |     4 ||    15
  Use: Scroll            |     7 |       ||     7
 Stab: Sleeping          |    19 |     6 ||    25
       Distracted        |     1 |       ||     1
       Confused          |     2 |     3 ||     5
  Eat: Pizza             |     1 |       ||     1
       Bread ration      |       |     1 ||     1
Armor: Robe              |    22 |    13 ||    35
Dodge: Dodged            |   161 |    61 ||   222
